 Dungeon Crawl Stone Soup version 0.17-a0-1399-gd5b76e1 (webtiles) character file.

39 bal the Insei (level 3, -2/20 HPs)
             Began as a Vine Stalker Monk on June 19, 2015.
             Slain by Sigmund
             ... wielding a +0 scythe
              (9 damage)
             ... on level 2 of the Dungeon.
             The game lasted 00:02:32 (981 turns).

bal the Insei (Vine Stalker Monk)                    Turns: 981, Time: 00:02:32

Health: -2/20      AC:  2    Str: 13    XL:     3   Next: 45%
Magic:  0/4        EV: 13    Int: 10    God:
Gold:   54         SH:  0    Dex: 17    Spells: 0 memorised, 2 levels left

rFire  . . .     SeeInvis .     b - +0 hunting sling
rCold  . . .     Clarity  .     a - +0 robe
rNeg   . . .     SustAt   .     (no shield)
rPois  .         Gourm    .     (no helmet)
rElec  .         Spirit   +     (no cloak)
rCorr  .         Warding  .     (no gloves)
rMut   .         Stasis   .     (no boots)
MR     .....                    (no amulet)
Stlth  ++........               (no ring)
                                (no ring)

@: not resistant to hostile enchantments, unstealthy
A: fangs 2, regeneration 1, magic shield, antimagic bite, no device heal 3, rot
immunity
a: no special abilities


You were on level 2 of the Dungeon.
You were not hungry.

You visited 1 branch of the dungeon, and saw 2 of its levels.

You collected 54 gold pieces.

Inventory:

Hand weapons
 b - a +0 hunting sling (weapon)
Missiles
 p - 13 sling bullets (quivered)
Armour
 a - a +0 robe (worn)
 f - a +3 ring mail
Jewellery
 j - an uncursed ring of flight {unknown}
Scrolls
 e - a scroll of teleportation {unknown}
 g - a scroll of fog {unknown}
 h - a scroll of immolation {unknown}
 i - a scroll of amnesia {unknown}
 k - a scroll of noise {unknown}
Potions
 c - 3 potions of might {unknown}
 d - a potion of curing {unknown}
 l - a potion of heal wounds {unknown}
 m - a potion of invisibility {unknown}
 r - a potion of poison {unknown}
 s - a potion of agility {unknown}
Comestibles
 n - a chunk of flesh
 o - 3 bread rations
 q - a meat ration


   Skills:
 + Level 3.1 Fighting
 + Level 2.7 Dodging
 + Level 2.5 Stealth
 + Level 4.4 Unarmed Combat


You had 2 spell levels left.
You didn't know any spells.

Dungeon Overview and Level Annotations

Branches:
Dungeon (2/15)

Altars:

Annotations:
D:2 Ijyb, Sigmund


Innate Abilities, Weirdness & Mutations

You have extremely sharp teeth.
Your natural rate of healing is unusually fast.
When hurt, damage is shared between your health and your magic reserves.
Your bite disrupts and absorbs the magic of your enemies.
Potions and wands cannot restore your health.
You are immune to rotting.


Message History

Firing (i - inventory):
p - 14 sling bullets (quivered)
Press: ? - help, Shift-Dir - straight line, f/p - bat
Aim: a bat You shoot a sling bullet.
The sling bullet closely misses the bat.
The sling bullet hits the rat!
You kill the rat!
The bat hits you. Something hits you. The bat hits you.
You open the door. The bat hits you but does no damage.
There is an open door here.
The bat misses you. The bat hits you but does no damage.
Found 10 gold pieces.
The bat barely misses you.
Ijyb the Twisted Goblin comes into view.
The bat hits you. The bat barely misses you. Something hits you!
Ouch! That really hurt!
The bat hits you. Something hits you!
You die...

#........#
#...#
##########
#..(###
#.(.#..
#...#.####
#...#....#
#...#....#
#...#....##
##'##....$+
#...@..####
#..b........
#...........
#...........
#...........
#...........
#...........
#...........
#..........


You could see a bat.

Vanquished Creatures
  A gnoll (D:1)
  4 bats
  A giant cockroach (D:1)
  3 goblins
  A hobgoblin (D:1)
  7 jackals (D:1)
  3 kobolds (D:1)
  A ball python (D:1)
  A giant gecko (D:1)
  2 giant newts (D:1)
  5 rats
29 creatures vanquished.

Notes
Turn   | Place    | Note
--------------------------------------------------------------
     0 | D:1      | bal the Vine Stalker Monk began the quest for the Orb.
     0 | D:1      | Reached XP level 1. HP: 11/11 MP: 2/2
    73 | D:1      | Reached XP level 2. HP: 14/16 MP: 3/3
   224 | D:1      | Reached XP level 3. HP: 17/20 MP: 4/4
   953 | D:2      | Noticed Sigmund
   979 | D:2      | Noticed Ijyb
   981 | D:2      | Slain by Sigmund

Vault maps used:
D:1:      erik_arrival_cave_to_civilisation
D:2:      uniq_iyjb, uniq_sigmund

Action                   || total
-------------------------++-------
Melee: Unarmed           ||    65
 Fire: Hunting sling     ||     3
 Stab: Sleeping          ||     3
